 Dungeon Crawl Stone Soup version 0.30-a0-603-g51a0fb1b98 (webtiles) character file.

Game seed: 6920513359640805283

5905 Crownlay the Trooper (level 10, -4/79 HPs)
             Began as a Gnoll Wanderer on Jan 6, 2023.
             Was a Believer of Cheibriados.
             Slain by a hell hog (6 damage)
             ... on level 2 of the Abyss on Jan 7, 2023.
             The game lasted 00:20:25 (7562 turns).

Crownlay the Trooper (Gnoll Wanderer)               Turns: 7562, Time: 00:20:25

Health: -4/79      AC: 12    Str: 15    XL:     10   Next: 82%
Magic:  19/19      EV: 15    Int: 24    God:    Cheibriados [**....]
Gold:   473        SH:  6    Dex: 20    Spells: 15/22 levels left

rFire   . . .      SeeInvis .    D - +9 long sword "Diwoqem" {freeze, rN+ Str+2 Stlth+}
rCold   . . .      Faith    .    c - +0 buckler
rNeg    + . .      Spirit   .    e - +0 steam dragon scales
rPois   .          Reflect  .    v - +0 helmet
rElec   .          Harm     .    d - +2 cloak
rCorr   .          Rampage  .    (no gloves)
Will    .....                    m - +0 pair of boots
Stlth   +++++                    l - amulet of regeneration
HPRegen 1.13/turn                q - ring of flight
MPRegen 0.16/turn                (no ring)

@: flying, very slow
A: fangs 1, strong nose, distributed training
a: Renounce Religion, Bend Time


You were on level 2 of the Abyss.
You worshipped Cheibriados.
Cheibriados was pleased with you.
You visited 2 branches of the dungeon, and saw 10 of its levels.
You visited the Abyss 1 time.
You also visited: Sewer.

You collected 473 gold pieces.

Inventory:

Hand Weapons
 a - a +3 spectral dagger
 D - the +9 long sword "Diwoqem" (weapon) {freeze, rN+ Str+2 Stlth+}
   (You found it on level 5 of the Dungeon)

   Str:       It affects your strength (+2).
   rN:        It protects you from negative energy.
   Stlth:     It makes you more stealthy.
Armour
 c - a +0 buckler (worn)
 d - a +2 cloak (worn)
 e - +0 steam dragon scales (worn)
 m - a +0 pair of boots (worn)
 v - a +0 helmet (worn)
Magical Staves
 K - a staff of conjuration
Jewellery
 l - an amulet of regeneration (around neck)
 q - a ring of flight (left hand)
Wands
 b - a wand of paralysis (9)
 L - a wand of iceblast (5)
 M - a wand of light (7)
Scrolls
 f - a scroll of fog {unknown}
 h - 3 scrolls of brand weapon
 i - 3 scrolls of teleportation
 j - 4 scrolls of enchant weapon
 k - a scroll of fear
 n - a scroll of enchant armour
 o - a scroll of magic mapping {unknown}
 r - a scroll of torment {unknown}
 s - 3 scrolls of blinking
 y - 3 scrolls of vulnerability
 J - 2 scrolls of amnesia
Potions
 g - 7 potions of curing
 p - 2 potions of heal wounds {unknown}
 t - 2 potions of attraction {unknown}
 u - a potion of lignification
 w - 2 potions of mutation
 x - 2 potions of might {unknown}
 z - a potion of ambrosia {unknown}
 A - a potion of cancellation {unknown}
 B - 2 potions of resistance {unknown}
 C - 2 potions of flight
 G - 3 potions of brilliance
 H - 2 potions of invisibility {unknown}
 I - a potion of degeneration


   Skills:
 + Level 7.5 Fighting
 + Level 5.8 Short Blades
 + Level 5.8 Long Blades
 + Level 5.8 Axes
 + Level 5.8 Maces & Flails
 + Level 5.8 Polearms
 + Level 5.8 Staves
 + Level 5.8 Ranged Weapons
 + Level 6.4 Throwing
 + Level 6.4 Armour
 + Level 5.8 Dodging
 + Level 7.3 Stealth
 + Level 6.4 Shields
 + Level 5.8 Unarmed Combat
 + Level 6.5 Spellcasting
 + Level 4.8 Conjurations
 + Level 4.8 Hexes
 + Level 5.3 Summonings
 + Level 4.8 Necromancy
 + Level 4.8 Translocations
 + Level 4.8 Transmutations
 + Level 4.8 Fire Magic
 + Level 4.8 Ice Magic
 + Level 4.8 Air Magic
 + Level 4.8 Earth Magic
 + Level 4.8 Poison Magic
 + Level 6.4 Invocations
 + Level 6.4 Evocations


You had 15 spell levels left.
You knew the following spells:

 Your Spells              Type           Power      Damage    Failure   Level
a - Summon Small Mammal   Summ           100%       N/A       1%          1
b - Ensorcelled Hibernat  Hex/Ice        62%        N/A       1%          2
c - Leda's Liquefaction   Hex/Erth       15%        N/A       13%         4

Your spell library contained the following spells:

 Spells                   Type           Power      Damage    Failure   Level
 Call Canine Familiar     Summ           33%        N/A       3%          3
 Portal Projectile        Hex/Tloc       62%        N/A       3%          3
 Spider Form              Tmut/Pois      31%        N/A       3%          3
 Summon Guardian Golem    Hex/Summ       32%        N/A       3%          3
 Anguish                  Hex/Necr       15%        N/A       13%         4


Dungeon Overview and Level Annotations

Branches:
Dungeon (9/15)             Temple (1/1) D:5            Lair (0/5) D:8
  Sewer (visited)
    Orc: D:9-12

Altars:
Ashenzari
Cheibriados
Dithmenos
Elyvilon
Gozag
Kikubaaqudgha
Makhleb
Nemelex Xobeh
Qazlal
Ru
Sif Muna
Trog
Uskayaw
Vehumet
Wu Jian
Xom
Zin
The Shining One

Annotations:
D:3 3 runed translucent doors, Dirtsage's ghost, amateur DsMo
D:6 exclusion: oklob plant


Innate Abilities, Weirdness & Mutations

You have very sharp teeth.
Your uncanny sense of smell can sniff out nearby items.
Your experience applies equally to all skills.


Message History

You slash the hell hog! You freeze the hell hog.
You kill the hell hog!
Cheibriados thoroughly appreciates the change of pace.
You completely miss the hell hog. The hell hog barely misses you.
The hell hog closely misses you.
You slash the hell hog! You freeze the hell hog.
The hell hog is moderately wounded.
The hell hog breathes fire at you.
The fireball explodes!
The fireball engulfs you!!
The fireball engulfs the hell hog.
The hell hog completely resists.
The hell hog bites you!
You are too injured to fight recklessly!
You are too injured to fight recklessly!
You are too injured to fight recklessly!
Okay, then.
Okay, then.
You slice the hell hog!! You freeze the hell hog!
The hell hog is almost dead.
The hell hog closely misses you.
You hit the hell hog. You freeze the hell hog.
You kill the hell hog!
Cheibriados thoroughly appreciates the change of pace.
Cheibriados raises the support of your attributes as your movement slows.
You barely miss the hell hog. The hell hog closely misses you.
The hell hog splashes around in the water.
The hell hog breathes fire at you.
The fireball explodes!
The fireball engulfs the hell hog.
The hell hog completely resists.
The fireball engulfs the hell hog.
The hell hog completely resists.
The fireball engulfs you!
* * * LOW HITPOINT WARNING * * *
It was a potion of flight.
You feel more buoyant.
The hell hog bites you but does no damage.
It was a potion of curing.
You feel better. The hell hog breathes fire at you.
The fireball explodes!
The fireball engulfs you!!
* * * LOW HITPOINT WARNING * * *
The fireball engulfs the hell hog.
The hell hog completely resists.
The hell hog bites you.
You die...

.## ###..# . ~ ##. #.
.#... . . ≈~ #.##....#..
. # .. . . #~≈####..
.... ...# . ... ..
#~~~..#.###.#..#.. .
....#.~≈~.##...#.##..###
. .#.~~ ~.....### .# #.
. #. ~#...## # # .
#..#~~§#@#. #. . ##§hh##
. ## .# #..~§§§#### # .
. #####~~~ #. .# .#~≈ #
.# # ~ # .. .#..
.......... . .. .# #h.#


You could see 2 hell hogs.

Vanquished Creatures
  2 hell hogs (Abyss:2)
  A rime drake (D:8)
  A troll (D:9)
  A raiju (Abyss:2)
  Sigmund (D:2)
  A wyvern (D:9)
  4 steam dragons
  An acid dragon (D:8)
  2 sky beasts (D:6)
  Pargi (Sewer)
  2 black bears
  An orc warrior (D:6)
  3 ice beasts (D:8)
  2 wolves (D:8)
  A centaur (D:7)
  An ogre (D:7)
  3 phantoms
  3 bullfrogs
  2 necrophages (D:5)
  A scorpion (D:5)
  A gnoll sergeant (D:9)
  5 wights (D:7)
  3 crimson imps (D:3)
  9 jellies (D:6)
  5 hounds
  3 iguanas
  3 orc wizards
  7 gnolls
  10 adders
  2 shadow imps
  2 white imps (D:8)
  3 ufetubi (D:4)
  2 dart slugs
  11 orcs
  13 bats
  17 endoplasms
  4 giant cockroaches
  3 goblins
  8 hobgoblins
  6 jackals
  3 kobolds
  A quokka (D:1)
  8 ball pythons
  2 frilled lizards
  3 rats
168 creatures vanquished.

Vanquished Creatures (collateral kills)
  An ice beast (D:8)
  An orc priest (D:5)
  An orc wizard (D:5)
  A frilled lizard (D:1)
  A kobold (D:1)
5 creatures vanquished.

Vanquished Creatures (others)
  A gnoll (D:9)
  7 fungi (D:6)
8 creatures vanquished.

Grand Total: 181 creatures vanquished

Notes
Turn   | Place    | Note
-------+----------+-------------------------------------------
     0 | D:1      | Crownlay the Gnoll Wanderer began the quest for the Orb.
     0 | D:1      | Crownlay set off with the following items: a +2 dagger, a
                  | potion of berserk rage, a +0 buckler, a potion of haste, a
                  | +0 robe; and the following spell memorised: Summon Small
                  | Mammal; and the following spells available to memorise:
                  | Summon Guardian Golem.
     0 | D:1      | Reached XP level 1. HP: 20/20 MP: 4/4
   413 | D:1      | Reached XP level 2. HP: 24/26 MP: 2/5
   831 | D:1      | Found a faded altar of an unknown god.
  1073 | D:2      | Reached XP level 3. HP: 31/31 MP: 7/7
  1077 | D:2      | Noticed Sigmund
  1128 | D:2      | Reached skill level 1 in Invocations
  1292 | D:2      | Reached skill level 1 in Short Blades
  1292 | D:2      | Reached skill level 1 in Long Blades
  1292 | D:2      | Reached skill level 1 in Axes
  1292 | D:2      | Reached skill level 1 in Maces & Flails
  1292 | D:2      | Reached skill level 1 in Polearms
  1292 | D:2      | Reached skill level 1 in Staves
  1292 | D:2      | Reached skill level 1 in Ranged Weapons
  1292 | D:2      | Reached skill level 1 in Dodging
  1292 | D:2      | Reached skill level 1 in Unarmed Combat
  1369 | D:2      | Reached XP level 4. HP: 38/38 MP: 8/8
  1628 | D:2      | Reached skill level 1 in Conjurations
  1628 | D:2      | Reached skill level 1 in Hexes
  1628 | D:2      | Reached skill level 1 in Necromancy
  1628 | D:2      | Reached skill level 1 in Translocations
  1628 | D:2      | Reached skill level 1 in Transmutations
  1628 | D:2      | Reached skill level 1 in Fire Magic
  1628 | D:2      | Reached skill level 1 in Ice Magic
  1628 | D:2      | Reached skill level 1 in Air Magic
  1628 | D:2      | Reached skill level 1 in Earth Magic
  1628 | D:2      | Reached skill level 1 in Poison Magic
  1657 | D:2      | Killed Sigmund
  1658 | D:2      | Reached XP level 5. HP: 36/43 MP: 7/10
  1658 | D:2      | Reached XP level 6. HP: 42/50 MP: 7/11
  2031 | D:3      | Found a shimmering altar of Xom.
  2079 | D:3      | Found a runed translucent gate.
  2111 | D:3      | Found a burning altar of Makhleb.
  2202 | D:3      | Found a runed translucent gate.
  2203 | D:3      | Found a runed translucent gate.
  2205 | D:3      | Noticed Dirtsage's ghost (amateur DsMo)
  2322 | D:3      | Reached skill level 5 in Fighting
  3138 | D:4      | HP: 3/76 [ufetubus (2)]
  3139 | D:4      | HP: 1/76 [ufetubus (2)]
  3141 | D:4      | Reached XP level 7. HP: 1/56 MP: 12/12
  3291 | D:4      | Found a glowing silver altar of Zin.
  3291 | D:4      | Found a white marble altar of Elyvilon.
  3293 | D:4      | Found a glowing golden altar of the Shining One.
  3541 | D:4      | Found a glowing drain.
  3560 | Sewer    | Entered a sewer
  3606 | Sewer    | Noticed Pargi
  3690 | Sewer    | Killed Pargi
  3691 | Sewer    | Reached skill level 5 in Stealth
  3908 | D:4      | Upgraded the game from 0.30-a0-595-g91969c0fa5 to
                  | 0.30-a0-603-g51a0fb1b98
  4262 | D:5      | Entered Level 5 of the Dungeon
  4266 | D:5      | Learned a level 2 spell: Ensorcelled Hibernation
  4338 | D:5      | Identified the +9 long sword "Diwoqem" {freeze, rN+ Str+2
                  | Stlth+}
  4361 | D:5      | Reached XP level 8. HP: 60/63 MP: 12/14
  4817 | D:5      | Found a staircase to the Ecumenical Temple.
  4822 | Temple   | Entered the Ecumenical Temple
  4881 | Temple   | Became a worshipper of Cheibriados the Contemplative
  5008 | D:6      | Found a bloodstained altar of Trog.
  5144 | D:6      | Found an ornate altar of the Wu Jian Council.
  5169 | D:6      | Noticed an oklob plant
  5202 | D:6      | HP: 2/64 [acid (4)]
  5206 | D:6      | Reached XP level 9. HP: 10/69 MP: 16/16
  5212 | D:6      | Reached * piety under Cheibriados
  5280 | D:6      | Reached skill level 5 in Spellcasting
  5635 | D:7      | Reached skill level 5 in Throwing
  5635 | D:7      | Reached skill level 5 in Armour
  5635 | D:7      | Reached skill level 5 in Shields
  5635 | D:7      | Reached skill level 5 in Evocations
  5782 | D:7      | Found a sparkling altar of Nemelex Xobeh.
  5994 | D:7      | Found an ancient bone altar of Kikubaaqudgha.
  6020 | D:7      | Reached skill level 5 in Invocations
  6393 | D:7      | Found a hide-covered altar of Uskayaw.
  6393 | D:7      | Found a stormy altar of Qazlal.
  6548 | D:8      | Found a staircase to the Lair.
  6572 | D:8      | Reached ** piety under Cheibriados
  6599 | D:8      | Reached skill level 5 in Short Blades
  6599 | D:8      | Reached skill level 5 in Long Blades
  6599 | D:8      | Reached skill level 5 in Axes
  6599 | D:8      | Reached skill level 5 in Maces & Flails
  6599 | D:8      | Reached skill level 5 in Polearms
  6599 | D:8      | Reached skill level 5 in Staves
  6599 | D:8      | Reached skill level 5 in Ranged Weapons
  6599 | D:8      | Reached skill level 5 in Dodging
  6599 | D:8      | Reached skill level 5 in Unarmed Combat
  6599 | D:8      | Reached XP level 10. HP: 77/77 MP: 18/18
  6713 | D:8      | Found a shadowy altar of Dithmenos.
  7045 | D:8      | Found a sacrificial altar of Ru.
  7062 | D:8      | Learned a level 4 spell: Leda's Liquefaction
  7291 | D:9      | Found a shimmering blue altar of Sif Muna.
  7388 | D:9      | Reached skill level 5 in Summonings
  7450 | Abyss:1  | Cast into level 1 of the Abyss (kobold brigand)
  7461 | Abyss:1  | Found a corrupted altar of Lugonu.
  7537 | Abyss:2  | Noticed a starcursed mass
  7547 | Abyss:2  | Noticed a hell hog
  7547 | Abyss:2  | Noticed a hell hog
  7550 | Abyss:2  | Noticed a hell hog
  7552 | Abyss:2  | Noticed a hell hog
  7555 | Abyss:2  | Killed a hell hog
  7559 | Abyss:2  | Killed a hell hog
  7562 | Abyss:2  | HP: 2/79 [hell hog/fireball (21)]
  7562 | Abyss:2  | Slain by a hell hog

Illustrated notes

Levels and vault maps discovered:
D:1:      ebering_hopf_link, layout_basic, dreamdust_ecumenical_altar_grove
D:2:      layout_rooms, uniq_sigmund
D:3:      layout_loops_ring, led_xom_imps, lemuel_round_altar,
          ebering_ghost_rock_garden
D:4:      layout_loops_ring, good_gods_temple_1, cheibrodos_sewer_entry_sluice,
          minivault_23
D:5:      layout_gridville, minmay_temple_entry_nine_rooms, chequers_arboretum
D:6:      lemuel_slime, layout_cave_pools, mainiacjoe_overflow_tiny_flanked,
          mainiacjoe_overflow_catwalk
D:7:      layout_cave_pods, nemelex_xobeh_ov_fountains_minmay,
          kiku_gazebo_garden_becter, gammafunk_temple_overflow_wave
D:8:      layout_rooms, grunt_dithmenos_shadows, lemuel_coloured_pillars_altar,
          hellmonk_lair_entry_icy
D:9:      minmay_polygon_palace, layout_loops_ring, lemuel_crystal_altar,
          mainiacjoe_overflow_boulevard
Temple:   nicolae_temple_superstar
Abyss:2:  base: D:7, grunt_abyss_exit_deep_breaths,
          grunt_abyss_exit_deep_breaths, evilmike_abyss_exit_chaos,
          hangedman_decor_points

Skill      XL: |  1  2  3  4  5  6  7  8  9 10 |
---------------+-------------------------------+-----
Summonings     | 2 3 4 5 |  5.3
Invocations    | 1 2 3 4 5 6 |  6.4
Short Blades   | 1 2 3 5 |  5.8
Long Blades    | 1 2 3 5 |  5.8
Axes           | 1 2 3 5 |  5.8
Maces & Flails | 1 2 3 5 |  5.8
Polearms       | 1 2 3 5 |  5.8
Staves         | 1 2 3 5 |  5.8
Ranged Weapons | 1 2 3 5 |  5.8
Dodging        | 1 2 3 5 |  5.8
Unarmed Combat | 1 2 3 5 |  5.8
Spellcasting   | 3 4 5 6 |  6.5
Conjurations   | 1 2 3 4 |  4.8
Hexes          | 1 2 3 4 |  4.8
Necromancy     | 1 2 3 4 |  4.8
Translocations | 1 2 3 4 |  4.8
Transmutations | 1 2 3 4 |  4.8
Fire Magic     | 1 2 3 4 |  4.8
Ice Magic      | 1 2 3 4 |  4.8
Air Magic      | 1 2 3 4 |  4.8
Earth Magic    | 1 2 3 4 |  4.8
Poison Magic   | 1 2 3 4 |  4.8
Throwing       | 3 4 5 6 |  6.4
Armour         | 3 4 5 6 |  6.4
Shields        | 3 4 5 6 |  6.4
Evocations     | 3 4 5 6 |  6.4
Fighting       | 5 6 7 |  7.5
Stealth        | 5 6 7 |  7.3

Action                   |  1- 3 |  4- 6 |  7- 9 | 10-12 || total
-------------------------+-------+-------+-------+-------++-------
Melee: Dagger            |    83 |   377 |   173 |       ||   633
       Bite              |     7 |    41 |    44 |    10 ||   102
       Long sword        |       |       |   175 |    71 ||   246
Throw: Javelin           |       |       |     3 |       ||     3
       Throwing net      |       |       |     1 |       ||     1
 Cast: Summon Small Mamm |    11 |    17 |    17 |       ||    45
       Ensorcelled Hiber |       |       |     1 |     3 ||     4
       Leda's Liquefacti |       |       |       |     1 ||     1
  Use: Potion            |       |     1 |     2 |     2 ||     5
       Scroll            |       |       |    10 |     3 ||    13
 Stab: Sleeping          |     4 |     7 |     8 |     3 ||    22
       Distracted        |       |     1 |       |       ||     1
       Held in net/web   |       |       |     1 |       ||     1
Armor: Robe              |    14 |    65 |    47 |       ||   126
       Chain mail        |       |       |   107 |     1 ||   108
       Skin              |       |       |     6 |       ||     6
       Steam dragon scal |       |       |       |    18 ||    18
Dodge: Dodged            |    39 |   187 |   154 |    59 ||   439
Block: Buckler           |    20 |    58 |    86 |    22 ||   186

Table legend: (Time is in decaauts)
 A = Elapsed time spent in this place.
 B = Non-inter-level travel time spent in this place.
 C = Inter-level travel time spent in this place.
 D = Time resting spent in this place.
 E = Time spent auto-exploring this place.
 F = Levels seen in this place.
 G = Mean time per level.
                   A        B        C        D        E       F      G
               +--------+--------+--------+--------+--------+-----+--------+
         Total |   8474 |   8058 |    416 |      0 |   5691 |  13 |  651.8 |
       Dungeon |   8043 |   7627 |    416 |      0 |   5564 |   9 |  893.7 |
        Temple |     76 |     76 |      0 |      0 |     46 |   1 |   76.0 |
         Abyss |    163 |    163 |      0 |      0 |     27 |   2 |   81.5 |
         Sewer |    191 |    191 |      0 |      0 |     53 |   1 |  191.0 |
               +--------+--------+--------+--------+--------+-----+--------+

Top non-repeatable levels by time:
     D:7: 1215 daAuts
     D:3: 1197 daAuts
     D:1: 1069 daAuts
     D:4: 951 daAuts
     D:8: 844 daAuts
     D:2: 838 daAuts
     D:6: 797 daAuts
     D:5: 696 daAuts
     D:9: 432 daAuts
   Sewer: 191 daAuts
 Abyss:2: 144 daAuts
  Temple: 76 daAuts
 Abyss:1: 18 daAuts
